 Dungeon Crawl Stone Soup version 0.20.0-8-g6b59dc7 (webtiles) character file.

31 Chiseanne the Skirmisher (level 3, 31/31 HPs)
             Began as a Demonspawn Wanderer on May 31, 2017.
             Quit the game on level 1 of the Dungeon.
             The game lasted 00:01:26 (859 turns).

Chiseanne the Skirmisher (Demonspawn Wanderer)       Turns: 859, Time: 00:01:26

Health: 31/31      AC:  5    Str: 15    XL:     3   Next: 7%
Magic:  3/3        EV: 10    Int: 13    God:
Gold:   28         SH:  0    Dex: 12    Spells: 2/2 levels left

rFire    . . .     SeeInvis .   a - +3 short sword
rCold    . . .     Gourm    .   (no shield)
rNeg     . . .     Faith    .   b - +0 ring mail
rPois    .         Spirit   +   (no helmet)
rElec    .         Reflect  .   (no cloak)
rCorr    .         Harm     .   (no gloves)
MR       +....                  (no boots)
Stlth    +.........             (no amulet)
Regen    0.1/turn               (no ring)
MPRegen  0.1/turn               (no ring)

@: no status effects
A: blurry vision 1, clever 1, low mp 1, magic resistance 1, magic shield
a: no special abilities


You were on level 1 of the Dungeon.
You were not hungry.

You visited 1 branch of the dungeon, and saw 1 of its levels.

You collected 28 gold pieces.

Inventory:

Hand Weapons
 a - a +3 short sword (weapon)
Missiles
 j - 3 stones (quivered)
Armour
 b - a +0 ring mail (worn)
Scrolls
 c - a scroll of teleportation
Potions
 f - 2 potions of magic {unknown}
 g - a potion of flight {unknown}
Comestibles
 d - 3 bread rations


   Skills:
 * Level 4.4 Fighting
 - Level 1.7 Short Blades
   Level 1.7 Crossbows
 * Level 1.1 Armour
 * Level 1.0 Dodging
   Level 1.0 Shields
   Level 1.0 Evocations


You had 2 spell levels left.
You didn't know any spells.

Dungeon Overview and Level Annotations

Branches:
Dungeon (1/15)

Altars:


Innate Abilities, Weirdness & Mutations

When hurt, damage is shared between your health and your magic reserves.
Scrolls take you a little longer to read.
Your mind is acute. (Int +2)
Your magical capacity is low. (-10% MP)
You are resistant to hostile enchantments. (MR+)


Message History

There is a stone staircase leading down here.
As you read the scroll labeled ARINAO EV YWO, it crumbles to dust.
It is a scroll of identify.
e - 2 potions of mutation All of the chunks of flesh in your inventory have rotted away.
Drop what? 9/52 slots (_ for help) (? for menu, Esc to quit)
You drop 2 potions of mutation.
As you read the scroll labeled MEDAFICAPE, it crumbles to dust.
It is a scroll of enchant weapon.
Your +2 short sword glows red for a moment.
e - 2 potions of mutation You feel extremely strange.
Your connection to magic feels subdued.
You feel resistant to heat.
You feel robust.
You feel extremely strange.
Your magic regains its normal vibrancy.
You feel frail.
You no longer feel heat resistant.
Your vision blurs.
You feel less energetic.
You feel clever.
You feel resistant to hostile enchantments.
Are you sure you want to abandon this character and quit the game? (Confirm with "yes".)

#.# #########.# #.........#
#.#########################
#.# #.................
#.########.###########...##
#........)..# #####...#
##########..######...#...##
#.......@....รท)'...'.....
#.#######.######...######
#.# #)# #...# #.# #.# #...#
#)# #.# #...# #.# #.# #...#
#.# #.# ##### #.#######.#
#.........#


There were no monsters in sight!

Vanquished Creatures
  A dart slug (D:1)
  A leopard gecko (D:1)
  6 bats (D:1)
  A giant cockroach (D:1)
  5 goblins (D:1)
  A hobgoblin (D:1)
  2 jackals (D:1)
  3 frilled lizards (D:1)
  3 kobolds (D:1)
  2 rats (D:1)
25 creatures vanquished.

Notes
Turn   | Place    | Note
-------+----------+-------------------------------------------
     0 | D:1      | Chiseanne the Demonspawn Wanderer began the quest for the Orb.
     0 | D:1      | Chiseanne set off with: a +2 short sword, a +0 ring mail, a scroll of teleportation, a bread ration
     0 | D:1      | Reached XP level 1. HP: 19/19 MP: 1/1
    59 | D:1      | Reached skill level 1 in Dodging
    59 | D:1      | Gained mutation: When hurt, damage is shared between your health and your magic reserves. [demonic ancestry]
    59 | D:1      | Reached XP level 2. HP: 21/25 MP: 2/2
   566 | D:1      | Reached skill level 1 in Armour
   630 | D:1      | Reached XP level 3. HP: 30/31 MP: 3/3
   857 | D:1      | Gained mutation: Your spells are a little easier to cast, but a little less powerful. [potion of mutation]
   857 | D:1      | Gained mutation: Your flesh is heat resistant. (rF+) [potion of mutation]
   857 | D:1      | Gained mutation: You are robust. (+10% HP) [potion of mutation]
   858 | D:1      | Lost mutation: Your spells are a little easier to cast, but a little less powerful. [potion of mutation]
   858 | D:1      | Lost mutation: You are robust. (+10% HP) [potion of mutation]
   858 | D:1      | Lost mutation: Your flesh is heat resistant. (rF+) [potion of mutation]
   858 | D:1      | Gained mutation: Scrolls take you a little longer to read. [potion of mutation]
   858 | D:1      | Gained mutation: Your magical capacity is low. (-10% MP) [potion of mutation]
   858 | D:1      | Gained mutation: Your mind is acute. (Int +2) [potion of mutation]
   858 | D:1      | Gained mutation: You are resistant to hostile enchantments. (MR+) [potion of mutation]
   859 | D:1      | Quit the game

Skill      XL: |  1  2 |
---------------+-------+-----
Dodging        | 1 |  1.0
Armour         | 1 |  1.1
Fighting       | |  4.4
Short Blades   | |  1.7
Crossbows      | |  1.7
Shields        | |  1.0
Evocations     | |  1.0

Action                   || total
-------------------------++-------
Melee: Short sword       ||    74
  Use: Scroll            ||     2
       Potion            ||     2
Armor: Ring mail         ||    36
Dodge: Dodged            ||    43
